 Dungeon Crawl Stone Soup version 0.32-a0-630-g46d191b0ed (webtiles) character file.

Game seed: 2700857824894537302

1213 zenocrate the Digger (level 8, -2/48 HPs)
             Began as an Octopode Earth Elementalist on Mar 7, 2024.
             Slain by a vampire mosquito (3 damage)
             ... on level 6 of the Dungeon.
             The game lasted 00:07:36 (6092 turns).

zenocrate the Digger (Octopode Earth Elementalist)  Turns: 6092, Time: 00:07:37

Health: -2/48      AC:  1    Str:  7    XL:     8   Next: 46%
Magic:  15/15      EV: 13    Int: 20    God:
Gold:   259        SH:  0    Dex: 12    Spells: 9/16 levels left

rFire   + . .        a - staff of fire
rCold   . . .        n - orb {mayhem}
rNeg    . . .        (helmet restricted)
rPois   .            p - amulet of the acrobat
rElec   .            l - ring of resist corrosion
rCorr   +            (no ring)
SInv    .            (no ring)
Will    .....        (no ring)
Stlth   +++          (no ring)
HPRegen 0.28/turn    (no ring)
MPRegen 0.14/turn    (no ring)
                     (no ring)

%: mayhem, acrobat
@: hasted, very quick
A: almost no armour, amphibious, 8 rings, camouflage 1, gelatinous body 1,
(nimble swimmer 1), tentacles
a: no special abilities


You were on level 6 of the Dungeon.
You visited 1 branch of the dungeon, and saw 6 of its levels.

You collected 259 gold pieces.

Inventory:

Hand Weapons
 v - a +2 dagger of speed
Armour
 b - a +0 buckler
 n - an orb of mayhem (worn)
Magical Staves
 a - a staff of fire (weapon)
Jewellery
 l - a ring of resist corrosion (left tentacle)
 p - an amulet of the acrobat (around mantle)
Talismans
 k - a maw talisman
Scrolls
 c - 4 scrolls of fog
 d - a scroll of amnesia
 h - a scroll of torment {unknown}
 m - a scroll of enchant weapon {unknown}
 q - 3 scrolls of teleportation
Potions
 g - 3 potions of attraction
 i - 3 potions of haste
 j - 2 potions of degeneration {unknown}
 o - 2 potions of lignification {unknown}
 u - a potion of mutation {unknown}


   Skills:
 + Level 1.6 Fighting
 - Level 2.0 Dodging
 - Level 2.6 Stealth
 - Level 3.2 Unarmed Combat
 + Level 4.9 Spellcasting
 + Level 5.5 Conjurations
 + Level 5.8 Earth Magic


You had 9 spell levels left.
You knew the following spells:

 Your Spells              Type           Power      Damage    Failure   Level
a - Stone Arrow           Conj/Erth      54%        3d10      3%          3
c - Brom's Barrelling Bo  Conj/Erth      27%        2d5       11%         4

Your spell library contained the following spells:

 Spells                   Type           Power      Damage    Failure   Level
 Sandblast                Erth           56%        2d13      1%          1
 Kiss of Death            Conj/Necr      64%        2d10      3%          1
 Passwall                 Erth           28%        N/A       3%          3
 Petrify                  Alch/Erth      16%        N/A       34%         4


Dungeon Overview and Level Annotations

Branches:
Dungeon (6/15)
 Temple: D:4-7

Altars:
Fedhas
Hepliaklqana
Sif Muna
The Shining One

Shops:
D:5 ?

Annotations:
D:5 digging for haste


Innate Abilities, Weirdness & Mutations

You cannot wear most types of armour.
You are amphibious.
You can wear up to eight rings at the same time.
Your skin changes colour to match your surroundings (Stealth+).
Your rubbery body absorbs attacks. (AC +1, EV +1)
((You are camouflaged when in or above water. (Stealth+)))
You have tentacles for arms and can constrict up to eight enemies at once.


Message History

You grab the vampire mosquito. You squeeze the vampire mosquito.
The vampire mosquito is moderately damaged.
You constrict the vampire mosquito. The vampire mosquito bites you.
The vampire mosquito draws strength from your injuries!
The vampire mosquito closely misses you.
You are too injured to fight recklessly!
You hit the vampire mosquito.
The vampire mosquito is lightly damaged.
You constrict the vampire mosquito. The vampire mosquito barely misses you.
The vampire mosquito bites you!
The vampire mosquito draws strength from your injuries!
The vampire mosquito bites you!
* * * LOW HITPOINT WARNING * * *
The vampire mosquito draws strength from your injuries!
Okay, then.
You feel much better.
You constrict the vampire mosquito. The vampire mosquito bites you!
* * * LOW HITPOINT WARNING * * *
The vampire mosquito draws strength from your injuries!
The vampire mosquito closely misses you.
Okay, then.
You feel yourself speed up.
You constrict the vampire mosquito. The vampire mosquito bites you!
* * * LOW HITPOINT WARNING * * *
The vampire mosquito draws strength from your injuries!
Unknown command.
You release your grip on the vampire mosquito.
The vampire mosquito barely misses you.
Unknown command.
Unknown command.
The vampire mosquito attacks as it pursues you!
The vampire mosquito completely misses you.
Unknown command.
The vampire mosquito bites you!
* * * LOW HITPOINT WARNING * * *
The vampire mosquito draws strength from your injuries!
Unknown command.
Okay, then.
Magic courses through your body. The vampire mosquito bites you.
You die...

.....####.....# #......
.......#......## #......
...............## #.....†
................## #..#...
.................## ##.#####
..................## ##..## #
...................######....##
..#........####''####.........##
.####.....##....@...##.........##
.# #....##.....y....##.........#
.# #...##.......$....##........#
.# #(.##..............##.....##.
## #.##................##>...###
# ..# .................#.....## #
### ........§§.......##...... #
.....≈.§≈§......##...... #
......##§§......#<......


You could see a vampire mosquito.

Vanquished Creatures
  Sigmund (D:2)
  A wyvern (D:6)
  A black bear (D:4)
  A centaur (D:6)
  An ogre (D:6)
  A bullfrog (D:6)
  A scorpion (D:5)
  2 bombardier beetles (D:3)
  A howler monkey (D:6)
  A jelly (D:6)
  A hound (D:5)
  2 iguanas
  3 orc wizards
  Terence (D:2)
  A gnoll (D:4)
  5 adders
  A shadow imp (D:4)
  A white imp (D:6)
  A dart slug (D:3)
  4 ribbon worms
  8 orcs
  5 ball pythons
  7 endoplasms
  4 giant cockroaches
  5 goblins
  11 hobgoblins
  7 jackals (D:1)
  5 quokkas
  8 bats
  6 frilled lizards
  6 kobolds
  4 rats
107 creatures vanquished.

Vanquished Creatures (collateral kills)
  An orc priest (D:3)
  2 ufetubi (D:6)
  3 orcs
6 creatures vanquished.

Vanquished Creatures (others)
  2 orc priests
2 creatures vanquished.

Grand Total: 115 creatures vanquished

Notes
Turn   | Place    | Note
-------+----------+-------------------------------------------
     0 | D:1      | zenocrate the Octopode Earth Elementalist began the quest
                  | for the Orb.
     0 | D:1      | Reached XP level 1. HP: 11/11 MP: 3/3
   185 | D:1      | Reached XP level 2. HP: 14/17 MP: 3/5
   297 | D:1      | Reached XP level 3. HP: 5/21 MP: 3/6
   554 | D:1      | Learned a level 3 spell: Stone Arrow
   893 | D:2      | Noticed Terence
   896 | D:2      | Killed Terence
   897 | D:2      | Reached skill level 1 in Unarmed Combat
   897 | D:2      | Reached XP level 4. HP: 23/27 MP: 5/7
   914 | D:2      | HP: 1/27 [poisoned by an adder]
  1243 | D:2      | Found a faded altar of an unknown god.
  1243 | D:2      | Noticed Sigmund
  1248 | D:2      | Killed Sigmund
  1249 | D:2      | Reached XP level 5. HP: 18/31 MP: 4/9
  1249 | D:2      | Reached XP level 6. HP: 21/36 MP: 4/10
  1254 | D:2      | Learned a level 4 spell: Brom's Barrelling Boulder
  2943 | D:4      | Found a glowing golden altar of the Shining One.
  2955 | D:4      | Reached XP level 7. HP: 41/41 MP: 8/12
  3910 | D:5      | Entered Level 5 of the Dungeon
  4315 | D:5      | Found a hazy altar of Hepliaklqana.
  4391 | D:5      | Reached skill level 5 in Earth Magic
  4469 | D:5      | Found a blossoming altar of Fedhas.
  4731 | D:5      | Found Nabuimen's Magic Scroll Shop.
  5525 | D:6      | Reached XP level 8. HP: 46/46 MP: 7/14
  5668 | D:6      | Reached skill level 5 in Conjurations
  5908 | D:6      | Found a shimmering blue altar of Sif Muna.
  5920 | D:6      | Reached skill level 1 in Fighting
  6013 | D:6      | Got Sif Muna's Compilation of Skeletons
  6077 | D:6      | Noticed a wyvern
  6082 | D:6      | Killed a wyvern
  6091 | D:6      | HP: 1/48 [vampire mosquito (7)]
  6092 | D:6      | Slain by a vampire mosquito

Illustrated notes

Levels and vault maps discovered:
D:1:      dpeg_arrival_round_a, layout_basic
D:2:      layout_loops_ring, shapermc_ecumenical_altar_starsandcircs,
          minmay_unequal, uniq_sigmund, uniq_terence
D:3:      layout_basic, minmay_misc_feat_encased
D:4:      layout_basic, mainiacjoe_overflow_24_doors,
          minmay_fractal_squares_gapless_5
D:5:      layout_basic, mainiacjoe_overflow_boulevard, kennysheep_little_box,
          serial_shops, nicolae_shop_rolled_up, portal_sewer_entry_e,
          minmay_misc_feat_more_columns, minmay_statues_item
D:6:      kennysheep_big_flooded_room, layout_cave_pods, led_sif_book,
          serial_column_ruins, column_ruins_columns_straight,
          column_ruins_open_tiny, column_ruins_grid_1, column_ruins_grid_1

Skill      XL: |  1  2  3  4  5  6  7  8 |
---------------+-------------------------+-----
Unarmed Combat | 1 2 3 |  3.2
Conjurations   | 2 3 4 5 |  5.5
Spellcasting   | 3 4 |  4.9
Earth Magic    | 4 5 |  5.8
Fighting       | 1 |  1.6
Dodging        | |  2.0
Stealth        | |  2.6

Action                     |  1- 3 |  4- 6 |  7- 9 || total
---------------------------+-------+-------+-------++-------
  Melee: Dagger            |    44 |    30 |     5 ||    79
         Constrict         |    15 |    10 |     7 ||    32
         Tentacles         |    11 |     8 |     7 ||    26
         Unarmed           |     1 |       |       ||     1
         Staff             |       |       |    22 ||    22
   Cast: Sandblast         |    17 |    32 |       ||    49
         Stone Arrow       |       |    17 |    40 ||    57
    Use: Scroll            |       |     4 |     8 ||    12
         Potion            |       |       |     5 ||     5
   Stab: Sleeping          |     3 |     4 |     1 ||     8
         Distracted        |       |       |     1 ||     1
 Armour: Skin              |    23 |    14 |    32 ||    69
  Dodge: Dodged            |    29 |    28 |    44 ||   101

Table legend: (Time is in decaauts)
 A = Elapsed time spent in this place.
 B = Non-inter-level travel time spent in this place.
 C = Inter-level travel time spent in this place.
 D = Time resting spent in this place.
 E = Time spent auto-exploring this place.
 F = Levels seen in this place.
 G = Mean time per level.
                   A        B        C        D        E       F      G
               +--------+--------+--------+--------+--------+-----+--------+
         Total |   6112 |   5928 |    184 |     31 |   5234 |   6 | 1018.7 |
       Dungeon |   6112 |   5928 |    184 |     31 |   5234 |   6 | 1018.7 |
               +--------+--------+--------+--------+--------+-----+--------+

Top non-repeatable levels by time:
     D:5: 1487 daAuts
     D:4: 1137 daAuts
     D:3: 1009 daAuts
     D:1: 900 daAuts
     D:2: 880 daAuts
     D:6: 697 daAuts
